 Dungeon Crawl Stone Soup version 0.29-a0-317-gd16b76e6b1 (webtiles) character file.

Game seed: 3487563666399892868

49 kae the Firebug (level 3, -5/20 HPs)
             Began as a Tengu Fire Elementalist on Mar 31, 2022.
             Killed from afar by an orc wizard (10 damage)
             ... with a magic dart
             ... on level 4 of the Dungeon.
             The game lasted 00:00:41 (1307 turns).

kae the Firebug (Tengu Fire Elementalist)           Turns: 1307, Time: 00:00:42

Health: -5/20      AC:  2    Str:  8    XL:     3   Next: 77%
Magic:  0/7        EV: 12    Int: 17    God:
Gold:   75         SH:  0    Dex: 14    Spells: 3/6 levels left

rFire   + . .      SeeInvis .   c - staff of fire
rCold   . . .      Faith    .   (no shield)
rNeg    . . .      Spirit   .   a - +0 robe
rPois   .          Reflect  .   (helmet restricted)
rElec   .          Harm     .   (no cloak)
rCorr   .          Rampage  .   (no gloves)
Will    .....                   (boots unavailable)
Stlth   ++........              (no amulet)
HPRegen 0.06/turn               (no ring)
MPRegen 0.10/turn               (no ring)

@: no status effects
A: beak, talons 3
a: no special abilities


You were on level 4 of the Dungeon.
You visited 1 branch of the dungeon, and saw 3 of its levels.

You collected 75 gold pieces.

Inventory:

Armour
 a - a +0 robe (worn)
Magical Staves
 c - a staff of fire (weapon)
Potions
 b - a potion of magic


   Skills:
 + Level 0.8 Fighting
 + Level 1.0 Armour
 + Level 2.5 Dodging
 - Level 2.0 Stealth
 + Level 2.2 Spellcasting
 + Level 2.2 Conjurations
 * Level 3.9 Fire Magic
 + Level 0.5 Evocations


You had 3 spell levels left.
You knew the following spells:

 Your Spells              Type           Power      Damage    Failure   Level
a - Foxfire               Conj/Fire      72%        2x1d7     5%          1
b - Scorch                Fire           44%        2d7       6%          2

Your spell library contained the following spells:

 Spells                   Type           Power      Damage    Failure   Level
 Shock                    Conj/Air       20%        1d4       12%         1
 Conjure Flame            Conj/Fire      18%        6-21      16%         3
 Inner Flame              Hex/Fire       12%        N/A       26%         3
 Swiftness                Air            1%         N/A       50%         3
 Flame Wave               Conj/Fire      18%        2d6       47%         4
 Airstrike                Air            0%         N/A       88%         4


Dungeon Overview and Level Annotations

Branches:
Dungeon (2/15)

Altars:


Innate Abilities, Weirdness & Mutations

You have a beak for a mouth.
You have claws for feet.


Message History

The gnoll shouts!
You hear a shout! x2
The orc wizard casts a spell.
The orc wizard flickers and vanishes!
Deactivating autopickup; reactivate with Ctrl-A.
The orc wizard barely misses you.
The foxfire hits the orc.
You kill the orc!
The foxfire hits the orc wizard.
The orc wizard is heavily wounded.
A gnoll comes into view. It is wielding a +0 club.
The orc wizard closely misses you.
You have reached level 3!
Your experience leads to an increase in your attributes!
Increase (S)trength, (I)ntelligence, or (D)exterity?
You feel clever. x2
You aren't carrying any scrolls.
Okay, then.
Casting: Foxfire (safe; 6% risk of failure)
Confirm with . or Enter, or press ? or * to list all spells.
You feel a surge of power!
You conjure some foxfire!
The orc wizard barely misses you.
The foxfire hits the orc wizard.
The orc wizard is severely wounded.
The foxfire hits the orc wizard.
You kill the orc wizard!
Something barely misses you.
Your Armour skill increases to level 1!
You hear some strange, mumbled words.
A magic dart appears from out of thin air!
The magic dart hits you! The gnoll attacks as you move away!
The gnoll hits you with a +0 flail!
* * * LOW HITPOINT WARNING * * *
Casting: Foxfire (safe; 5% risk of failure)
Confirm with . or Enter, or press ? or * to list all spells.
You feel a surge of power!
Flames lash something.
You hear some strange, mumbled words.
A magic dart appears from out of thin air!
The magic dart hits you!
Ouch! That really hurt!
You die...

.# .## #.
#####..##...
....g......
####..)......
#.........$#
#....##g)####.#
#.#####{##
#...))@.#
#...####### ###


You could see 2 gnolls.

Vanquished Creatures
  An orc wizard (D:4)
  A worm (D:2)
  4 orcs (D:4)
  3 endoplasms (D:1)
  A giant cockroach (D:1)
  A hobgoblin (D:1)
  4 ball pythons
  A frilled lizard (D:1)
  2 kobolds
  A rat (D:1)
19 creatures vanquished.

Vanquished Creatures (others)
  58 foxfires
58 creatures vanquished.

Grand Total: 77 creatures vanquished

Notes
Turn   | Place    | Note
-------+----------+-------------------------------------------
     0 | D:1      | kae the Tengu Fire Elementalist began the quest for the
                  | Orb.
     0 | D:1      | Reached XP level 1. HP: 10/10 MP: 4/4
   256 | D:1      | Found a faded altar of an unknown god.
   276 | D:1      | Reached XP level 2. HP: 15/15 MP: 1/6
   873 | D:2      | Identified a scroll of acquirement
   873 | D:2      | Acquired a staff of fire
  1044 | D:2      | You fall into a shaft and drop 2 floors!
  1290 | D:4      | Learned a level 2 spell: Scorch
  1302 | D:4      | Reached XP level 3. HP: 20/20 MP: 2/7
  1304 | D:4      | Reached skill level 1 in Armour
  1307 | D:4      | Killed from afar by an orc wizard

Illustrated notes

Levels and vault maps discovered:
D:1:      sevenhm_arrival_forest_fort_large_2, layout_rooms,
          chequers_ecumenical_altar_simple_redux
D:2:      layout_rooms
D:4:      layout_rooms, serial_shops, nicolae_square_shop, uniq_robin,
          uniq_edmund

Skill      XL: |  1  2  3 |
---------------+----------+-----
Conjurations   | 2 |  2.2
Armour         | 1 |  1.0
Fighting       | |  0.8
Dodging        | |  2.5
Stealth        | |  2.0
Spellcasting   | |  2.2
Fire Magic     | |  3.9
Evocations     | |  0.5

Action                   || total
-------------------------++-------
Melee: Staff             ||    13
       Peck              ||     4
       Kick              ||     3
 Cast: Foxfire           ||    35
       Scorch            ||     1
  Use: Scroll            ||     1
Armor: Robe              ||     1
Dodge: Dodged            ||    13

Table legend: (Time is in decaauts)
 A = Elapsed time spent in this place.
 B = Non-inter-level travel time spent in this place.
 C = Inter-level travel time spent in this place.
 D = Time resting spent in this place.
 E = Time spent auto-exploring this place.
 F = Levels seen in this place.
 G = Mean time per level.
                   A        B        C        D        E       F      G
               +--------+--------+--------+--------+--------+-----+--------+
         Total |   1308 |   1263 |     45 |      0 |   1118 |   3 |  436.0 |
       Dungeon |   1308 |   1263 |     45 |      0 |   1118 |   3 |  436.0 |
               +--------+--------+--------+--------+--------+-----+--------+

Top non-repeatable levels by time:
     D:1: 872 daAuts
     D:4: 264 daAuts
     D:2: 172 daAuts
